 Dungeon Crawl Stone Soup version 0.30-a0-591-g3c58d2bc28 (webtiles) character file.

Game seed: 3167614541593470941

20890 sokol815 the Unseen (level 12, -13/58 HPs)
             Began as a Spriggan Delver on Jan 4, 2023.
             Was an Elder of Dithmenos.
             Shot with an arrow by Nessos (22 damage)
             ... on level 3 of the Lair of Beasts.
             The game lasted 00:39:23 (11664 turns).

sokol815 the Unseen (Spriggan Delver)              Turns: 11664, Time: 00:39:24

Health: -13/58     AC:  7    Str: 12    XL:     12   Next: 49%
Magic:  18/18      EV: 34    Int:  8    God:    Dithmenos [****..]
Gold:   920        SH:  8    Dex: 22    Spells: 14/18 levels left

rFire   . . .      SeeInvis +    a - +2 short sword (spect)
rCold   . . .      Faith    .    F - +0 buckler
rNeg    . . .      Spirit   .    x - +0 steam dragon scales
rPois   +          Reflect  .    (helmet restricted)
rElec   .          Harm     .    m - +1 cloak
rCorr   +          Rampage  .    (gloves unavailable)
Will    +++..                    (boots unavailable) Stlth *+++++++++
                                 j - amulet of regeneration
HPRegen 1.09/turn                S - +5 ring of evasion
MPRegen 0.16/turn                g - ring "Gattuzak" {rPois Will+ rCorr Str+4 Int-3}

@: lethally poisoned (-13 -> -23), wreathed by umbra, very quick
A: very small, no large weapons, unfitting armour, see invisible, speed 3
a: Renounce Religion, Shadow Step


You were on level 3 of the Lair of Beasts.
You worshipped Dithmenos.
Dithmenos was greatly pleased with you.
You visited 4 branches of the dungeon, and saw 15 of its levels.
You also visited: Bailey.

You collected 920 gold pieces.

Inventory:

Hand Weapons
 a - a +2 spectral short sword (weapon)
   (You took it off an orc on level 2 of the Dungeon)
 b - a +3 rapier of electrocution
   (You found it on level 10 of the Dungeon)
 n - a +1 dagger of draining
   (You took it off a kobold on level 2 of the Dungeon)
 A - a +2 dagger of pain
   (You took it off an orc wizard on level 6 of the Dungeon)
 T - a +0 dagger of holy wrath
   (You took it off a kobold on level 6 of the Dungeon)
Missiles
 s - 87 stones
 y - 2 throwing nets {!d}
 C - 38 poisoned darts
 D - 3 boomerangs
 K - 3 curare-tipped darts
Armour
 m - a +1 cloak (worn)
   (You found it on level 1 of the Dungeon)
 x - +0 steam dragon scales (worn)
   (You found it on level 6 of the Dungeon)
 F - a +0 buckler (worn)
   (You found it on level 2 of the Dungeon)
 Z - +0 gold dragon scales
   (You found it on level 2 of the Lair of Beasts)
Magical Staves
 R - a staff of fire {rF+}
   (You found it on level 6 of the Dungeon)
 V - a staff of cold {rC+}
   (You found it on level 10 of the Dungeon)
Jewellery
 c - a ring of ice {rC+, rF-}
   (You found it on level 8 of the Dungeon)
 e - a ring of flight {+Fly, !d}
   (You found it on level 2 of the Dungeon)
 g - the ring "Gattuzak" (right hand) {rPois Will+ rCorr Str+4 Int-3}
   (You acquired it on level 10 of the Dungeon)

   [ring of willpower]

   Str:       It affects your strength (+4).
   Int:       It affects your intelligence (-3).
   rPois:     It protects you from poison.
   rCorr:     It protects you from acid and corrosion.
   Will:      It increases your willpower.
 j - an amulet of regeneration (around neck)
   (You found it on level 1 of the Dungeon)
 o - a ring of resist corrosion
   (You took it off an orc on level 3 of the Dungeon)
 r - a ring of magical power {MP+9}
   (You found it on level 4 of the Dungeon)
 S - a +5 ring of evasion (left hand)
   (You found it on level 2 of the Dungeon)
 W - a +6 ring of dexterity
   (You found it on level 4 of the Dungeon)
Wands
 d - a wand of digging (10)
 h - a wand of acid (3)
   (You found it on level 8 of the Dungeon)
 i - a wand of iceblast (1)
   (You found it on level 6 of the Dungeon)
 p - a wand of paralysis (7)
   (You found it on level 9 of the Dungeon)
 q - a wand of flame (35)
   (You took it off Ijyb on level 4 of the Dungeon)
Scrolls
 f - 4 scrolls of poison {!r}
 u - 2 scrolls of fog
 z - 2 scrolls of torment {!r}
 E - 4 scrolls of fear
 Q - a scroll of amnesia
 X - 4 scrolls of magic mapping {@r4!r}
 Y - 3 scrolls of teleportation {@r3}
Potions
 k - a potion of resistance {unknown}
 t - a potion of magic {unknown}
 w - 2 potions of cancellation
 B - 5 potions of brilliance
 G - a potion of ambrosia {!q}
 H - 8 potions of haste
 I - 6 potions of invisibility
 J - 7 potions of curing {@q1}
 L - a potion of flight
 M - 2 potions of might
 N - 6 potions of heal wounds {@q2}
 O - a potion of berserk rage {unknown}
 P - 5 potions of lignification {!q}
 U - 5 potions of mutation {!q}
Miscellaneous
 l - a condenser vane
   (You found it on level 10 of the Dungeon)
 v - a lightning rod (4/4)
   (You found it on level 10 of the Dungeon)


   Skills:
 - Level 4.0 Fighting
 + Level 11.4 Short Blades
 + Level 13.3 Dodging
 - Level 18.0 Stealth
 - Level 4.0 Shields
 + Level 3.8 Spellcasting
 * Level 6.8 Translocations
 - Level 8.0 Evocations


You had 14 spell levels left.
You knew the following spells:

 Your Spells              Type           Power      Damage    Failure   Level
a - Manifold Assault      Tloc           12%        N/A       34%         4

Your spell library contained the following spells:

 Spells                   Type           Power      Damage    Failure   Level
 Apportation              Tloc           24%        N/A       3%          1
 Blink                    Tloc           24%        N/A       5%          2
 Necrotise                Necr           4%         1d4       52%         1
 Summon Small Mammal      Summ           4%         N/A       52%         1
 Ozocubu's Armour         Ice            1%         N/A       87%         3
 Animate Dead             Necr           1%         N/A       99%         4
 Summon Forest            Summ/Tloc      3%         N/A       99%         5
 Borgnjor's Vile Clutch   Necr/Erth      0%         N/A       100%        5
 Freezing Cloud           Conj/Ice/Air   0%         6-21      100%        5
 Iskenderun's Battlesphe  Conj           1%         2d6       100%        5
 Summon Mana Viper        Hex/Summ       1%         N/A       100%        5
 Death Channel            Necr           0%         N/A       100%        6
 Iron Shot                Conj/Erth      0%         9d1       100%        6
 Simulacrum               Ice/Necr       0%         N/A       100%        6
 Summon Cactus Giant      Summ           0%         N/A       100%        6
 Ozocubu's Refrigeration  Ice            0%         4d7       100%        7
 Spellforged Servitor     Conj/Summ      0%         N/A       100%        7
 Storm Form               Tmut/Air       0%         N/A       100%        7
 Polar Vortex             Ice            0%         N/A       100%        9


Dungeon Overview and Level Annotations

Branches:
Dungeon (10/15) Zot: 25945  Temple (1/1) D:7 Zot: 5961    Lair (3/5) D:8 Zot: 16629
    Orc (1/2) D:10 Zot: 5937  Bailey (visited)
  Swamp: Lair:2-3    Shoals: Lair:2-3     Snake: Lair:2-3    Spider: Lair:2-3

Altars:
Ashenzari
Dithmenos
Fedhas
Makhleb

Shops:
D:4 *   D:7 [   Orc:1 *

Annotations:
D:2 1 runed translucent door, Crazy Yiuf, Sigmund
Lair:3 Nessos


Innate Abilities, Weirdness & Mutations

You are very small and have problems with some larger weapons.
You are too small for most types of armour.
You have supernaturally acute eyesight. (SInv)
You cover ground extremely quickly. (Speed+++)


Message History

A sourceless malevolence fills the Lair of Beasts...
With a horrendous wail, an alarm goes off!
A sentinel's mark forms upon you.
(D) Dungeon (T) Temple (L) Lair (O) Orcish Mines
Where to? (Enter - Lair:2, ? - help)
There is a stone staircase leading up here.
You climb upwards.
There is a stone staircase leading down here.
You start waiting.
The sentinel's mark upon you fades away.
You climb downwards.
There is a stone staircase leading up here.
You open the gate.
Found a stone staircase leading up.
You enter the shallow water.
Moving in this stuff is going to be slow.
You see here a bullfrog skeleton.
Done exploring.
Done exploring.
(D) Dungeon (T) Temple (L) Lair (O) Orcish Mines
Where to? (Enter - Lair:1, ? - help)
There is a stone staircase leading down here.
You climb downwards.
Nessos shouts!
There is a stone staircase leading up here.
Nessos is nearby!
You hit Nessos but do no damage.
Your +2 spectral short sword hits Nessos!
Nessos stands on their hind legs for a moment.
You block Nessos's attack. Nessos completely misses you.
You barely miss Nessos.
Your +2 spectral short sword hits Nessos!
Nessos misses you. Nessos completely misses you.
You barely miss Nessos.
Your +2 spectral short sword hits Nessos.
Nessos gestures wildly while chanting.
Nessos blinks!
Nessos mumbles some strange words.
Nessos seems to speed up.
Nessos hits you! Nessos kicks you.
You take 11 damage, and have 47/58 hp.
You hit Nessos.
Your +2 spectral short sword hits Nessos.
Nessos misses you. Nessos closely misses you. Nessos completely misses you. x2
You hit Nessos but do no damage.
Your +2 spectral short sword hits Nessos but does no damage.
Nessos barely misses you. Nessos kicks you but does no damage.
You hit Nessos but do no damage.
Your +2 spectral short sword closely misses Nessos.
You block Nessos's attack. x2; Nessos completely misses you. x2
You hit Nessos.
Your +2 spectral short sword hits Nessos.
Nessos shouts, "I'm half human!
Half horse!
And all stone-cold KILLER!"
Nessos completely misses you. Nessos barely misses you.
You barely miss Nessos.
Your +2 spectral short sword hits Nessos.
Nessos completely misses you. x3; Nessos closely misses you.
You hit Nessos but do no damage.
Your +2 spectral short sword hits Nessos but does no damage.
Nessos completely misses you. x2
You barely miss Nessos.
Your +2 spectral short sword hits Nessos.
Nessos intently looks at you, slowly moving their tail.
Nessos completely misses you. Nessos kicks you but does no damage.
You hit Nessos but do no damage.
Your +2 spectral short sword hits Nessos.
Nessos hits your +2 spectral short sword.
Nessos kicks your +2 spectral short sword but does no damage.
Nessos mumbles some strange words.
Nessos blinks!
Nessos wields a +3 longbow of flaming.
It bursts into flame!
Nessos shoots an arrow.
You block the arrow.
Nessos shoots an arrow.
You block the arrow.
Nessos unwields a +3 longbow of flaming.
It stops flaming.
Nessos completely misses you. x2
You hit Nessos.
Your shadow closely misses Nessos.
Your +2 spectral short sword hits Nessos but does no damage.
Nessos completely misses you. Nessos closely misses you.
You block Nessos's attack. Nessos misses you.
You hit Nessos.
Your +2 spectral short sword hits Nessos but does no damage.
Nessos casts a spell.
Nessos blinks!
Nessos wields a +3 longbow of flaming.
It bursts into flame!
Nessos shoots an arrow.
The arrow completely misses you.
Nessos shoots an arrow.
The arrow completely misses you.
Nessos shoots an arrow.
The arrow hits you!! The arrow burns you.
You take 21 damage, and have 35/58 hp.
MASSIVE DAMAGE!!
Nessos shoots an arrow.
The arrow hits you! The arrow burns you.
You are poisoned.
* * * LOW HITPOINT WARNING * * *
You take 21 damage, and have 14/58 hp.
MASSIVE DAMAGE!!
As you read the scroll of fog, it crumbles to dust.
The scroll dissolves into smoke.
* * * LOW HITPOINT WARNING * * *
You feel very sick.
Nessos shoots an arrow.
The arrow hits you!!
You die...

.### #.# .....##.#
..#..#..##
#..P....####
#.....c...# ### .
#.........##.!+..
##...§§§...#......
#P...§@§..<..P#
##...§.§......#
..##..........###
#...§........##
##..§.§......#
#######.#P.##
######


You could see Nessos (fast).

Vanquished Creatures
  2 catoblepae
  A two-headed ogre (D:10)
  Pikel (D:9)
  A wizard (D:10)
  A black mamba (Lair:2)
  8 elephants (Lair:2)
  Joseph (D:7)
  7 cane toads
  5 komodo dragons
  Maggie (D:7)
  An unseen horror (D:10)
  Grinder (D:3)
  A troll (D:9)
  3 hornets
  8 yaks
  5 large abominations (D:10)
  4 wyverns
  3 basilisks
  3 steam dragons
  7 small abominations (D:10)
  An ice beast (D:6)
  6 water moccasins
  5 orc warriors
  3 black bears
  4 ogres
  A sky beast (D:8)
  3 wolves (Lair:1)
  3 centaurs
  A lemure (D:9)
  5 kobold brigands
  10 bullfrogs
  4 scorpions
  9 wights
  5 killer bees (D:7)
  5 electric eels
  A howler monkey (D:6)
  2 hounds
  2 jellies
  A gnoll bouda (D:6)
  An orc priest (D:6)
  Terence (D:2)
  Ijyb (D:4)
  4 iguanas
  8 orc wizards
  9 adders
  15 gnolls
  2 shadow imps (D:7)
  A white imp (D:7)
  An ufetubus (D:6)
  An adder skeleton (D:3)
  4 worms
  2 dart slugs
  35 orcs
  4 endoplasms
  6 giant cockroaches
  9 goblins
  5 hobgoblins
  5 jackals
  24 kobolds
  3 quokkas (D:3)
  4 ball pythons
  A ball python skeleton (D:3)
  6 bats
  A quokka zombie (D:3)
  3 rats
291 creatures vanquished.

Vanquished Creatures (others)
  2 orcs (D:6)
  20 fungi
  24 plants
  4 withered plants (D:3)
50 creatures vanquished.

Grand Total: 341 creatures vanquished

Notes
Turn   | Place    | Note
-------+----------+-------------------------------------------
     0 | D:5      | sokol815 the Spriggan Delver began the quest for the Orb.
     0 | D:5      | Reached XP level 1. HP: 11/11 MP: 2/2
    19 | D:4      | Found Kipp's Gadget Gallery.
    33 | D:4      | Noticed a wight
   111 | D:3      | Reached skill level 3 in Short Blades
   111 | D:3      | Reached XP level 2. HP: 16/16 MP: 3/3
   196 | D:2      | Noticed Terence
   197 | D:2      | Killed Terence
   198 | D:2      | Reached XP level 3. HP: 19/19 MP: 4/4
   230 | D:2      | Reached skill level 8 in Stealth
  1291 | D:2      | Reached XP level 4. HP: 23/23 MP: 5/5
  1414 | D:2      | Noticed Sigmund
  1505 | D:2      | Found a runed translucent door.
  1506 | D:2      | Noticed Crazy Yiuf
  1713 | D:2      | Found a faded altar of an unknown god.
  1881 | D:3      | Reached skill level 4 in Short Blades
  1944 | D:3      | Reached skill level 9 in Stealth
  1996 | D:3      | Reached XP level 5. HP: 26/26 MP: 6/6
  2216 | D:3      | Noticed Grinder
  2221 | D:3      | Killed Grinder
  2222 | D:3      | Reached skill level 2 in Shields
  2222 | D:3      | Reached XP level 6. HP: 32/32 MP: 7/7
  2238 | D:3      | Reached skill level 10 in Stealth
  2605 | D:4      | HP: 7/31 [wight/+0 great sword (4)]
  2748 | D:4      | Reached XP level 7. HP: 18/31 MP: 8/8
  2829 | D:4      | Reached skill level 5 in Short Blades
  2858 | D:4      | Reached skill level 3 in Shields
  2934 | D:4      | Reached skill level 11 in Stealth
  3077 | D:4      | Noticed Ijyb
  3080 | D:4      | Killed Ijyb
  3703 | D:5      | HP: 6/35 [acid (4)]
  3704 | D:5      | HP: 1/35 [acid (5)]
  3809 | D:5      | Reached XP level 8. HP: 39/39 MP: 9/9
  4108 | D:5      | Reached skill level 12 in Stealth
  4224 | D:5      | Reached skill level 4 in Shields
  4262 | D:5      | Reached skill level 6 in Short Blades
  4377 | D:5      | Reached skill level 3 in Dodging
  4377 | D:5      | Reached skill level 13 in Stealth
  4578 | D:6      | Reached skill level 4 in Dodging
  4602 | D:6      | Found a blossoming altar of Fedhas.
  4985 | D:6      | Reached skill level 5 in Dodging
  5105 | D:6      | Reached skill level 14 in Stealth
  5105 | D:6      | Reached XP level 9. HP: 41/43 MP: 10/10
  5237 | D:6      | Reached skill level 7 in Short Blades
  5237 | D:6      | Reached skill level 6 in Dodging
  5262 | D:7      | Found Hist's Antique Armour Shop.
  5347 | D:7      | Reached skill level 15 in Stealth
  5535 | D:7      | Noticed Joseph
  5542 | D:7      | Killed Joseph
  5616 | D:7      | Noticed Maggie
  5633 | D:7      | Killed Maggie
  5634 | D:7      | Reached skill level 8 in Short Blades
  5634 | D:7      | Reached skill level 16 in Stealth
  5809 | D:7      | Found a staircase to the Ecumenical Temple.
  5818 | Temple   | Entered the Ecumenical Temple
  5857 | Temple   | Became a worshipper of Dithmenos the Shadowed
  5987 | D:7      | Found a broken altar of Ashenzari.
  6143 | D:8      | Reached skill level 7 in Dodging
  6173 | D:8      | Reached XP level 10. HP: 47/47 MP: 11/11
  6373 | D:8      | Reached skill level 17 in Stealth
  6552 | D:8      | Reached skill level 8 in Dodging
  6628 | D:8      | Reached skill level 9 in Short Blades
  6760 | D:8      | Found a staircase to the Lair.
  6855 | D:9      | Noticed Pikel
  6857 | D:9      | Reached * piety under Dithmenos
  6861 | D:9      | Killed Pikel
  6862 | D:9      | Reached skill level 18 in Stealth
  6979 | D:9      | Reached skill level 9 in Dodging
  7198 | D:9      | Reached skill level 10 in Short Blades
  7310 | D:9      | Reached skill level 10 in Dodging
  7608 | D:10     | Entered Level 10 of the Dungeon
  7621 | D:10     | Found a flagged portal.
  7644 | D:10     | Upgraded the game from 0.30-a0-586-g23e55c9e0a to
                  | 0.30-a0-591-g3c58d2bc28
  7646 | Bailey   | Entered a bailey
  7804 | Bailey   | Reached ** piety under Dithmenos
  7884 | D:10     | Acquired the ring "Gattuzak" {rPois Will+ rCorr Str+4
                  | Int-3}
  7975 | D:10     | Reached skill level 1 in Evocations
  7979 | D:10     | Reached XP level 11. HP: 51/51 MP: 12/12
  8131 | D:10     | Found a staircase to the Orcish Mines.
  8218 | D:10     | Noticed a two-headed ogre
  8234 | D:10     | Killed a two-headed ogre
  8235 | D:10     | Reached skill level 3 in Fighting
  8235 | D:10     | Reached skill level 2 in Evocations
  8528 | D:10     | Noticed a wizard
  8543 | D:10     | Killed a wizard
  8544 | D:10     | Reached skill level 3 in Evocations
  8554 | D:10     | Noticed a large abomination
  8554 | D:10     | Noticed a large abomination
  8599 | D:10     | Reached skill level 4 in Evocations
  8635 | D:10     | Killed a large abomination
  8636 | D:10     | Reached skill level 11 in Dodging
  8667 | D:10     | HP: 8/53 [large abomination (32)]
  9002 | D:10     | Reached skill level 4 in Fighting
  9099 | D:10     | Reached skill level 5 in Evocations
  9221 | D:10     | Killed a large abomination
  9354 | D:10     | Reached skill level 6 in Evocations
  9381 | Orc:1    | Entered Level 1 of the Orcish Mines
  9381 | Orc:1    | Found Zoiklic's Assorted Antiques.
  9561 | Lair:1   | Entered Level 1 of the Lair of Beasts
  9601 | Lair:1   | Reached *** piety under Dithmenos
  9658 | Lair:1   | Reached skill level 12 in Dodging
  9687 | Lair:1   | Reached skill level 7 in Evocations
  9955 | Lair:1   | Noticed a catoblepas
 10009 | Lair:1   | Killed a catoblepas
 10081 | Lair:1   | Learned a level 4 spell: Manifold Assault
 10348 | Lair:2   | Noticed a catoblepas
 10354 | Lair:2   | Killed a catoblepas
 10355 | Lair:2   | Reached skill level 1 in Translocations
 10355 | Lair:2   | Reached skill level 8 in Evocations
 10355 | Lair:2   | Reached XP level 12. HP: 58/58 MP: 12/14
 10420 | Lair:2   | Reached skill level 1 in Spellcasting
 10420 | Lair:2   | Reached skill level 2 in Translocations
 10511 | Lair:2   | Reached skill level 3 in Translocations
 10512 | Lair:2   | Reached skill level 11 in Short Blades
 10516 | Lair:2   | Reached skill level 2 in Spellcasting
 10552 | Lair:2   | Reached skill level 13 in Dodging
 10552 | Lair:2   | Reached skill level 4 in Translocations
 10663 | Lair:2   | Reached skill level 5 in Translocations
 10673 | Lair:2   | Reached skill level 3 in Spellcasting
 10752 | Lair:2   | Reached skill level 6 in Translocations
 10929 | Lair:2   | Reached **** piety under Dithmenos
 11641 | Lair:3   | Noticed Nessos
 11663 | Lair:3   | HP: 14/58 [Nessos/arrow (5)]
 11664 | Lair:3   | Shot with an arrow by Nessos

Illustrated notes

Levels and vault maps discovered:
D:1:      lightli_arrival_windingriver, layout_basic, minmay_pentomino_s2
D:2:      layout_rooms, shapermc_ecumenical_altar_notcrosses, uniq_sigmund,
          uniq_terence, uniq_crazy_yiuf_cottage
D:3:      layout_loops_cross, serial_undead, serial_undead_f, serial_undead_e,
          serial_undead_b, serial_undead_e, serial_undead_c, serial_undead_e,
          serial_undead_b, minmay_surrounded, uniq_grinder
D:4:      layout_gridville, nicolae_shop_gadgets, uniq_ijyb
D:5:      layout_rooms, st_stairs_12, mrwooster_statue_mirror,
          minmay_misc_feat_secret_circle
D:6:      layout_basic, mainiacjoe_overflow_paths
D:7:      layout_cave_pools, lemuel_coloured_pillars_altar,
          lemuel_temple_firewalk_b, serial_shops, shop, uniq_joseph, uniq_maggie
D:8:      layout_basic, due_lair_maze_entry_diamond, st_stairs_10,
          minmay_misc_feat_plants, hellmonk_bongcloud_opening,
          kennysheep_big_empty_room
D:9:      layout_irregular_city, uniq_pikel
D:10:     layout_gridville, orc_0_dummy, enter_bailey_3, laboratory
Temple:   mainiacjoe_temple_big_plus
Lair:1:   layout_hall_layers, serial_bayou_shore_a, grunt_megastairs_1
Lair:2:   layout_regular_city, serial_bayou_ford_a, bh_autumn_forest_stairs,
          serial_bayou_shore_b
Lair:3:   layout_roguey, minmay_shoals_entry_lonely_mermaid,
          minmay_snake_entry_guardpost_small, uniq_nessos, uniq_nergalle
Orc:1:    layout_caves, serial_shops, shop, uniq_sonja

Skill      XL: |  1  2  3  4  5  6  7  8  9 10 11 12 |
---------------+-------------------------------------+-----
Short Blades   | 3 4 5 6 8 10 11 | 11.4
Stealth        | 8 9 10 11 14 16 18 | 18.0
Shields        | 2 3 4 |  4.0
Dodging        | 5 7 10 12 13 | 13.3
Evocations     | 1 8 |  8.0
Fighting       | 4 |  4.0
Translocations | 1 6 |  6.8
Spellcasting   | 3 |  3.8

Action                   |  1- 3 |  4- 6 |  7- 9 | 10-12 || total
-------------------------+-------+-------+-------+-------++-------
Melee: Short sword       |    36 |    71 |   481 |   812 ||  1400
       Dagger            |    39 |    88 |       |    12 ||   139
       Punch             |     1 |       |       |       ||     1
Throw: Stone             |     1 |       |    11 |       ||    12
Evoke: Wand              |       |       |       |     7 ||     7
  Use: Scroll            |     6 |     4 |    10 |     6 ||    26
       Potion            |       |       |     1 |       ||     1
 Stab: Sleeping          |     9 |     9 |    18 |    57 ||    93
       Distracted        |       |       |     2 |    14 ||    16
       Petrified         |       |       |       |     2 ||     2
Armor: Robe              |     5 |    10 |    14 |       ||    29
       Steam dragon scal |       |       |    11 |    31 ||    42
Dodge: Dodged            |    34 |    96 |   388 |   496 ||  1014
Block: Buckler           |       |    24 |   175 |   192 ||   391

Table legend: (Time is in decaauts)
 A = Elapsed time spent in this place.
 B = Non-inter-level travel time spent in this place.
 C = Inter-level travel time spent in this place.
 D = Time resting spent in this place.
 E = Time spent auto-exploring this place.
 F = Levels seen in this place.
 G = Mean time per level.
                   A        B        C        D        E       F      G
               +--------+--------+--------+--------+--------+-----+--------+
         Total |   7710 |   7319 |    391 |    464 |   4440 |  16 |  481.9 |
       Dungeon |   6076 |   5765 |    311 |    398 |   3441 |  10 |  607.6 |
        Temple |     39 |     26 |     13 |      0 |     21 |   1 |   39.0 |
          Lair |   1369 |   1310 |     59 |     66 |    920 |   3 |  456.3 |
  Orcish Mines |     62 |     56 |      6 |      0 |     43 |   1 |   62.0 |
        Bailey |    163 |    163 |      0 |      0 |     14 |   1 |  163.0 |
               +--------+--------+--------+--------+--------+-----+--------+

Top non-repeatable levels by time:
    D:10: 976 daAuts
  Lair:2: 853 daAuts
     D:4: 757 daAuts
     D:3: 676 daAuts
     D:6: 613 daAuts
     D:1: 593 daAuts
     D:9: 544 daAuts
  Lair:1: 502 daAuts
     D:7: 492 daAuts
     D:8: 488 daAuts
     D:2: 471 daAuts
     D:5: 461 daAuts
  Bailey: 163 daAuts
   Orc:1: 62 daAuts
  Temple: 39 daAuts

Table legend:
 A = Kills in this place as a percentage of kills in entire the game.
 B = Kills by you in this place as a percentage of kills by you in the entire game.
 C = Kills by friends in this place as a percentage of kills by friends in the entire game.
 D = Other kills in this place as a percentage of other kills in the entire game.
 E = Experience gained in this place as a percentage of experience gained in the entire game.
 F = Experience gained in this place divided by the number of levels of this place that you have seen.
                   A       B       C       D       E      F
               +-------+-------+-------+-------+-------+----------------------
         Total | 100.0 | 100.0 |   N/A |   N/A | 100.0 | 1865.2
       Dungeon |  76.9 |  76.9 |   N/A |   N/A |  55.2 | 1645.9
          Lair |  14.1 |  14.1 |   N/A |   N/A |  43.0 | 4282.3
  Orcish Mines |   2.1 |   2.1 |   N/A |   N/A |   0.9 | 261.0
        Bailey |   6.9 |   6.9 |   N/A |   N/A |   0.9 | 277.0
               +-------+-------+-------+-------+-------+----------------------
